 Dungeon Crawl Stone Soup version 0.23.2-33-g5129a83184 (webtiles) character file.

Game seed: 11229830129595426588

7888 H0rd4k the Eclecticist (level 11, -4/56 HPs)
             Began as a Deep Elf Wizard on June 26, 2019.
             Was a Priest of Sif Muna.
             Slain by a demonic crawler (7 damage)
             ... summoned by a deep elf mage
             ... on level 10 of the Dungeon on June 27, 2019.
             The game lasted 00:37:54 (11045 turns).

H0rd4k the Eclecticist (Deep Elf Wizard)           Turns: 11045, Time: 00:37:54

Health: -4/56      AC:  5    Str:  4    XL:     11   Next: 2%
Magic:  24/41      EV: 15    Int: 31    God:    Sif Muna [***...]
Gold:   431        SH:  0    Dex: 17    Spells: 31/40 levels left

rFire    x . .     SeeInvis +   A - +3 long sword of Mastery {slice, Int+4 Dex+4 SInv}
rCold    + + .     Gourm    .   (no shield)
rNeg     + . .     Faith    .   a - +0 robe
rPois    .         Spirit   .   b - +0 hat
rElec    .         Reflect  .   q - scarf {repulsion}
rCorr    .         Harm     .   (no gloves)
MR       +....                  p - +2 pair of boots
Stlth    +++.......             i - amulet of magic regeneration
HPRegen  0.18/turn              F - ring "Xyeqial" {+Inv rC+ rN+ MP+9}
MPRegen  0.52/turn              L - ring of ice

@: about to teleport, repel missiles
A: no striking features
a: Divine Energy, Channel Magic, Renounce Religion, Evoke Invisibility


You were on level 10 of the Dungeon.
You worshipped Sif Muna.
Sif Muna was most pleased with you.
You were not hungry.

You visited 2 branches of the dungeon, and saw 11 of its levels.

You collected 431 gold pieces.

Inventory:

Hand Weapons
 j - a +2 short sword of speed
 A - the +3 long sword of Mastery (weapon) {slice, Int+4 Dex+4 SInv}
   (You found it on level 7 of the Dungeon)

   It inflicts extra damage upon your enemies.
   It affects your intelligence (+4).
   It affects your dexterity (+4).
   It lets you see invisible.
 D - a +0 blowgun
 I - a +1 dagger of holy wrath
Missiles
 E - 7 poisoned needles
Armour
 a - a +0 robe (worn)
 b - a +0 hat (worn)
 e - a +1 cloak
 p - a +2 pair of boots (worn)
 q - a scarf of repulsion (worn)
 K - a scarf of spirit shield
Jewellery
 i - an amulet of magic regeneration (around neck)
 k - an uncursed ring of see invisible
 l - an uncursed ring of see invisible
 w - an uncursed amulet of rage
 y - a +6 ring of strength
 F - the ring "Xyeqial" (left hand) {+Inv rC+ rN+ MP+9}
   (You found it on level 8 of the Dungeon)

   [ring of positive energy]

   It protects you from cold.
   It protects you from negative energy.
   It affects your magic capacity (+9).
   It lets you turn invisible.
 J - a +6 ring of strength
 L - a ring of ice (right hand)
Wands
 t - a wand of flame (10)
 G - a wand of polymorph (10)
 M - a wand of clouds (3)
Scrolls
 c - 7 scrolls of identify
 g - 5 scrolls of remove curse
 h - 2 scrolls of teleportation
 n - 4 scrolls of enchant weapon {unknown}
 r - 2 scrolls of magic mapping {unknown}
 u - 5 scrolls of amnesia {unknown}
 B - a scroll of noise {unknown}
 H - a scroll of torment {unknown}
Potions
 f - 8 potions of curing
 m - 3 potions of brilliance {unknown}
 o - 2 potions of cancellation {unknown}
 s - 2 potions of lignification {unknown}
 v - 2 potions of degeneration {unknown}
 x - 4 potions of heal wounds {unknown}
 z - a potion of invisibility {unknown}
 C - 3 potions of mutation {unknown}
Comestibles
 d - 12 rations


   Skills:
 + Level 1.3 Fighting
 + Level 1.1 Long Blades
 + Level 4.8 Dodging
 + Level 4.8 Stealth
 + Level 15.0 Spellcasting
 + Level 10.0 Conjurations
   Level 1.1 Summonings
 + Level 4.8 Translocations
 + Level 4.8 Fire Magic


You had 31 spell levels left.
You knew the following spells:

 Your Spells              Type           Power        Failure   Level  Hunger
a - Magic Dart            Conj           ####         1%          1    None
b - Blink                 Tloc           N/A          1%          2    None
c - Conjure Flame         Conj/Fire      ######..     1%          3    None
d - Gell's Gravitas       Tloc           ######....   1%          3    None

Your spell library contained the following spells:

 Spells                   Type           Power        Failure   Level  Hunger
 Animate Skeleton         Necr           N/A          1%          1    None
 Apportation              Tloc           ######       1%          1    None
 Beastly Appendage        Tmut           ###...       1%          1    None
 Confusing Touch          Hex            ###...       1%          1    None
 Summon Small Mammal      Summ           ####         1%          1    None
 Call Imp                 Summ           ####....     1%          2    None
 Mephitic Cloud           Conj/Pois/Air  #####...     1%          3    None
 Slow                     Hex            ###.....     3%          2    None
 Sticks to Snakes         Tmut           ###.....     3%          2    None
 Confuse                  Hex            ###.....     6%          3    None
 Spider Form              Tmut/Pois      ###.......   6%          3    None
 Ice Form                 Ice/Tmut       ####....     19%         4    None
 Petrify                  Tmut/Erth      ###.....     19%         4    None
 Blade Hands              Tmut           ###.......   47%         5    None
 Metabolic Englaciation   Hex/Ice        ####......   47%         5    None
 Yara's Violent Unravell  Hex/Tmut       ###.......   47%         5    None


Dungeon Overview and Level Annotations

Branches:
Dungeon (10/15)            Temple (1/1) D:4
   Lair: D:8-11         Orc: D:9-12

Altars:
Ashenzari
Cheibriados
Dithmenos
Elyvilon
Fedhas
Gozag
Hepliaklqana
Kikubaaqudgha
Makhleb
Nemelex Xobeh
Okawaru
Qazlal
Ru
Sif Muna
Trog
Uskayaw
Vehumet
Wu Jian
Xom
Yredelemnul
Zin
The Shining One

Shops:
D:7 :

Annotations:
D:2 1 exclusion
D:9 exclusion: downstairs
D:10 1 exclusion, Psyche


Message History

The demonic crawler is engulfed in blazing flames.
The demonic crawler barely misses you. x2
The demonic crawler completely misses you.
The demonic crawler is engulfed in blazing flames.
The demonic crawler misses you.
You riposte.
You barely miss the demonic crawler.
The demonic crawler is moderately wounded.
The demonic crawler hits you! The demonic crawler hits you.
The demonic crawler is engulfed in blazing flames.
The demonic crawler barely misses you. The demonic crawler hits you. x2
* * * LOW HITPOINT WARNING * * *
As you read the scroll of teleportation, it crumbles to dust.
You feel strangely unstable. The demonic crawler misses you.
You riposte.
You completely miss the demonic crawler.
The demonic crawler is moderately wounded.
The demonic crawler misses you. The demonic crawler hits you!
* * * LOW HITPOINT WARNING * * *
The demonic crawler hits you but does no damage. x2
The demonic crawler hits you!
You die...

...## #............#
....# #re........###
.#### #...######.#
.# #...# .# ..r# .#
.r# ### #.# ..#
#.######.# ..#
#r.rs@...# ..#
#.....#### ..#
#.....# ### #.)...#
#.....# #.....####
#.........
###########.........
#......#............


You could see a demonic crawler and 2 hell rats.

Vanquished Creatures
  2 two-headed ogres
  An unseen horror (D:10)
  A troll (D:10)
  Prince Ribbit (D:7)
  A hippogriff (D:9)
  Eustachio (D:4)
  A yak (D:9)
  A hungry ghost (D:8)
  8 ice beasts
  A phantom (D:5)
  4 ogres
  3 centaurs
  2 big kobolds (D:8)
  A gnoll sergeant (D:5)
  6 bullfrogs
  A wyvern skeleton (D:10)
  5 scorpions
  6 killer bees
  5 howler monkeys
  13 wights
  An electric eel (D:9)
  4 crimson imps
  A quasit (D:6)
  A centaur zombie (D:8)
  10 hounds
  3 jellies
  An orc priest (D:4)
  7 orc wizards
  5 bullfrog skeletons
  4 centaur skeletons
  Jessica (D:2)
  7 iguanas
  Natasha (twice) (D:2)
  5 worker ants
  A bullfrog simulacrum (D:9)
  A hound zombie (D:6)
  9 gnolls
  14 adders
  A howler monkey skeleton (D:9)
  A shadow imp (D:8)
  3 white imps (D:9)
  An ufetubus (D:9)
  An ooze (D:4)
  3 worms
  3 adder skeletons
  2 dart slugs (D:2)
  4 leopard geckos
  20 orcs
  15 giant cockroaches
  6 goblins
  6 hobgoblins
  4 jackals (D:2)
  A quokka (D:2)
  9 bats
  10 frilled lizards
  16 kobolds
  A leopard gecko skeleton (D:6)
  11 rats
259 creatures vanquished.

Notes
Turn   | Place    | Note
-------+----------+-------------------------------------------
     0 | D:1      | H0rd4k the Deep Elf Wizard began the quest for the Orb.
     0 | D:1      | Reached XP level 1. HP: 10/10 MP: 7/7
   253 | D:1      | Reached XP level 2. HP: 15/15 MP: 5/9
   389 | D:1      | Reached skill level 5 in Spellcasting
   596 | D:1      | Reached XP level 3. HP: 19/19 MP: 9/11
   600 | D:1      | Learned a level 2 spell: Blink
   604 | D:1      | Learned a level 3 spell: Conjure Flame
  1350 | D:2      | Noticed Jessica
  1354 | D:2      | Killed Jessica
  1354 | D:2      | Reached skill level 6 in Spellcasting
  1354 | D:2      | Reached XP level 4. HP: 22/24 MP: 10/14
  1472 | D:2      | Found an iron altar of Okawaru.
  1523 | D:2      | Noticed Natasha
  1539 | D:2      | Killed Natasha
  1606 | D:2      | Reached XP level 5. HP: 28/28 MP: 13/16
  1613 | D:2      | Noticed Natasha
  1618 | D:2      | Killed Natasha
  1618 | D:2      | Reached skill level 7 in Spellcasting
  1624 | D:2      | Found a blossoming altar of Fedhas.
  2145 | D:3      | Noticed a centaur
  2319 | D:4      | Noticed an ogre
  2328 | D:4      | Killed an ogre
  2328 | D:4      | Reached XP level 6. HP: 28/33 MP: 9/18
  2462 | D:4      | Reached skill level 8 in Spellcasting
  2600 | D:4      | Reached skill level 1 in Fire Magic
  2600 | D:4      | Reached XP level 7. HP: 37/37 MP: 16/20
  2663 | D:4      | Found a staircase to the Ecumenical Temple.
  2808 | Temple   | Entered the Ecumenical Temple
  3215 | D:4      | Reached skill level 5 in Conjurations
  3342 | D:4      | Noticed Eustachio
  3365 | D:5      | Entered Level 5 of the Dungeon
  3365 | D:5      | Found a stormy altar of Qazlal.
  3542 | D:5      | Reached skill level 9 in Spellcasting
  3761 | D:5      | Reached XP level 8. HP: 42/42 MP: 1/23
  4110 | D:5      | Found a burning altar of Makhleb.
  4110 | D:5      | Found a hazy altar of Hepliaklqana.
  4391 | D:6      | Found a shimmering altar of Xom.
  4478 | D:6      | Reached skill level 10 in Spellcasting
  4771 | D:6      | Found a shimmering altar of Xom.
  5110 | D:7      | Noticed Prince Ribbit
  5314 | D:7      | Killed Prince Ribbit
  5314 | D:7      | Reached skill level 11 in Spellcasting
  5314 | D:7      | Reached XP level 9. HP: 43/46 MP: 17/26
  5513 | D:7      | Found Boqu's Book Shop.
  5821 | D:7      | Learned a level 3 spell: Gell's Gravitas
  5847 | D:7      | Found a deep blue altar of Sif Muna.
  5852 | D:7      | Became a worshipper of Sif Muna the Loreminder
  5899 | D:7      | Reached skill level 12 in Spellcasting
  6132 | D:7      | Got a transparent long sword
  6133 | D:7      | Identified the +3 long sword of Mastery {slice, Int+4 Dex+4
                  | SInv} (You found it on level 7 of the Dungeon)
  6226 | D:4      | Killed Eustachio
  7035 | D:8      | Got a coiled steel ring
  7189 | D:8      | Identified the ring "Xyeqial" {+Inv rC+ rN+ MP+9} (You
                  | found it on level 8 of the Dungeon)
  7248 | D:8      | Reached * piety under Sif Muna
  7626 | D:8      | Reached skill level 13 in Spellcasting
  8116 | D:8      | Reached XP level 10. HP: 51/51 MP: 29/29
  8419 | D:9      | Reached ** piety under Sif Muna
  8737 | D:9      | Found an opulent altar of Gozag.
  8820 | D:9      | Noticed a two-headed ogre
  8847 | D:9      | Killed a two-headed ogre
  8847 | D:9      | Reached skill level 1 in Fighting
  9079 | D:9      | Reached skill level 14 in Spellcasting
  9281 | D:9      | Upgraded the game from 0.23.2-32-g37ab1d4649 to
                  | 0.23.2-33-g5129a83184
  9862 | D:10     | Entered Level 10 of the Dungeon
 10014 | D:10     | Noticed an unseen horror
 10047 | D:10     | Killed an unseen horror
 10047 | D:10     | Reached *** piety under Sif Muna
 10047 | D:10     | Reached skill level 1 in Long Blades
 10081 | D:10     | Got a faintly glowing robe
 10092 | D:10     | Identified the cursed +1 robe of the Failed Coup {rPois
                  | rN++ Int-5} (You found it on level 10 of the Dungeon)
 10217 | D:10     | Noticed Psyche
 10553 | D:10     | Noticed a two-headed ogre
 10589 | D:10     | Killed a two-headed ogre
 10589 | D:10     | Reached skill level 15 in Spellcasting
 11028 | D:10     | Noticed a deep elf mage
 11030 | D:10     | Reached XP level 11. HP: 56/56 MP: 31/32
 11030 | D:10     | Reached skill level 10 in Conjurations
 11044 | D:10     | HP: 2/56 [demonic crawler[a deep elf mage] (9)]
 11045 | D:10     | Slain by a demonic crawler

Skill      XL: |  1  2  3  4  5  6  7  8  9 10 11 |
---------------+----------------------------------+-----
Spellcasting   | 5 6 7 8 9 11 13 15 | 15.0
Conjurations   | 2 3 4 5 7 8 9 10 | 10.0
Dodging        | 3 4 |  4.8
Stealth        | 3 4 |  4.8
Fire Magic     | 1 3 4 |  4.8
Translocations | 3 4 |  4.8
Fighting       | 1 |  1.3
Long Blades    | 1 |  1.1
Summonings     | |  1.1

Action                   |  1- 3 |  4- 6 |  7- 9 | 10-12 || total
-------------------------+-------+-------+-------+-------++-------
 Cast: Magic Dart        |    92 |   171 |   524 |   190 ||   977
       Conjure Flame     |       |     5 |    49 |    33 ||    87
       Blink             |       |       |     7 |     6 ||    13
       Gell's Gravitas   |       |       |     8 |    24 ||    32
  Use: Scroll            |     3 |     1 |     2 |     2 ||     8
  Eat: Chunk             |     1 |     4 |    12 |     1 ||    18
       Ration            |       |       |     1 |     3 ||     4
Armor: Robe              |     7 |     6 |    26 |    11 ||    50
Dodge: Dodged            |     8 |    23 |    88 |    57 ||   176
       Deflected         |       |       |     1 |     1 ||     2
       Rpst.: Long sword |       |       |     2 |    13 ||    15
